 Dungeon Sprint DCSS version 0.28-a0-863-g8cecda6153 (webtiles) character file.

Game seed: 1105395498629228455

3190 emperorscorpion the Thaumaturge (level 10, -3/67 HPs)
             Began as a Djinni Air Elementalist on Nov 17, 2021.
             Was a Priest of Makhleb.
             Slain by a black mamba (10 damage)
             ... in the Dungeon (Sprint IX: "|||||||||||||||||||||||||||||").
             The game lasted 00:09:00 (1727 turns).

emperorscorpion the Thaumaturge (DjAE)              Turns: 1727, Time: 00:09:02

Health: -3/67      AC:  5    Str:  7    XL:     10   Next: 16%
Gold:   8          EV: 17    Int: 22    God:    Makhleb [***...] SH:  0 Dex: 18

rFire   + + .      SeeInvis .   h - +2 rapier (distort)
rCold   x . .      Faith    .   (no shield)
rNeg    . . .      Spirit   .   a - +0 robe
rPois   ∞          Reflect  .   (no helmet)
rElec   .          Harm     .   k - +0 cloak
rCorr   .          Rampage  .   j - +0 pair of gloves
Will    +....      NoTele   +   (boots unavailable)
Stlth   +++.......              (no amulet)
HPRegen 0.21/turn               m - +3 ring of dexterity
MPRegen 0.00/turn               n - +3 ring of intelligence

@: flying
A: sickness immunity, fire resistance 2, cold vulnerability 1, float, innate
caster, hp casting, extra vitality 1
a: Renounce Religion, Minor Destruction, Lesser Servant of Makhleb


You were in the Dungeon.
You worshipped Makhleb.
Makhleb was most pleased with you.
You visited 1 branch You collected 8 gold pieces.

Inventory:

Hand Weapons
 c - a +0 shortbow
 h - a +2 rapier of distortion (weapon)
 i - a +2 scimitar of flaming
Missiles
 g - 24 arrows
Armour
 a - a +0 robe (worn)
 j - a +0 pair of gloves (worn)
 k - a +0 cloak (worn)
 l - a +1 chain mail
Jewellery
 m - a +3 ring of dexterity (left hand)
 n - a +3 ring of intelligence (right hand)
Scrolls
 f - 2 scrolls of blinking
 p - 2 scrolls of identify
 q - 2 scrolls of enchant weapon
 r - a scroll of fear
 s - a scroll of fog
Potions
 b - 5 potions of curing
 d - 2 potions of haste
 e - a potion of invisibility
 o - 8 potions of heal wounds


   Skills:
 + Level 3.1 Fighting
 * Level 8.6 Armour
 + Level 8.2 Dodging
 - Level 3.2 Stealth
 - Level 0.2 Unarmed Combat
 + Level 12.7 Spellcasting
 * Level 8.8 Invocations
 + Level 4.8 Evocations


You had 16 spell levels left.
You knew the following spells:

 Your Spells              Type           Power      Damage    Failure   Level
a - Shock                 Conj/Air       100%       1d9       1%          1
b - Static Discharge      Conj/Air       63%        N/A       1%          2
c - Swiftness             Air            63%        N/A       1%          3
d - Airstrike             Air            31%        N/A       1%          4
e - Sting                 Tmut/Pois      100%       1d8       1%          1
f - Poisonous Vapours     Pois/Air       100%       N/A       1%          2
g - Searing Ray           Conj           100%       2d8       1%          2
h - Summon Guardian Gole  Hex/Summ       63%        N/A       1%          3
Your spell library was empty.

Dungeon Overview and Level Annotations

Branches:
Dungeon (1/1)

Altars:
Cheibriados
Dithmenos
Elyvilon
Fedhas
Gozag
Hepliaklqana
Kikubaaqudgha
Makhleb
Nemelex Xobeh
Okawaru
Qazlal
Ru
Sif Muna
Trog
Uskayaw
Vehumet
Wu Jian
Xom
Yredelemnul
Zin
The Shining One
Beogh
Jiyva
Lugonu


Innate Abilities, Weirdness & Mutations

You are immune to sickness and miasma.
You are immune to poison.
Your flesh is very heat resistant. (rF++)
You are vulnerable to cold. (rC-)
You float through the air rather than walking.
You learn spells naturally, not from books.
Your magical power is your life essence.
You have superior vitality. (+4 HP)


Message History

The eight-headed hydra bites your hellwing but does no damage.
The eight-headed hydra bites your hellwing!
The eight-headed hydra barely misses your hellwing.
The eight-headed hydra bites your hellwing. x3
The eight-headed hydra barely misses your hellwing.
The eight-headed hydra bites your hellwing.
Your hellwing hits the eight-headed hydra!
The eight-headed hydra dies!
Makhleb accepts your kill.
Your Fighting skill increases to level 3!
Your Dodging skill increases to level 8!
You have reached level 10!
The black mamba bites your hellwing!
Your hellwing barely misses the black mamba.
Your hellwing misses the black mamba. The black mamba bites your hellwing!
Your hellwing dies!
Your hellwing disappears in a puff of smoke!
Casting: Shock (safe; 1% risk of failure)
Confirm with . or Enter, or press ? or * to list all spells.
Aiming: Searing Ray (safe; 1% risk of failure)
Press: ? - help, Shift-Dir - straight line, f - black mamba
Aim: a black mamba (moderately wounded, 72% to hit)
The searing ray hits the black mamba!
The black mamba is heavily wounded. (Press . to maintain the ray.)
* * * LOW HITPOINT WARNING * * *
The searing ray hits the black mamba.
The black mamba is severely wounded.
The searing ray misses the bullfrog.
* * * LOW HITPOINT WARNING * * *
The bullfrog swells and bulges.
Unknown command.
The searing ray hits the black mamba!
The black mamba is almost dead.
The searing ray hits the bullfrog.
The bullfrog is lightly wounded.
* * * LOW HITPOINT WARNING * * *
The black mamba misses you. The black mamba bites you!
You die...

▓▓▓▓▓▓▓▓▓▓▓▓▓▓▓▓▓▓▓▓▓
▓<††.'....)'.....'___
▓▓▓▓▓▓▓▓▓▓▓▓▓▓▓▓▓▓▓▓▓
▓....................
▓.▓▓▓▓▓▓▓▓▓▓▓▓▓▓▓▓▓▓▓
▓...@SF.'YS....:..S†S
▓▓▓▓▓▓▓▓▓▓▓▓▓▓▓▓▓▓▓▓▓


You could see a black mamba, a yak, a water moccasin and a bullfrog.

Vanquished Creatures
  A manticore (D)
  An unseen horror (D)
  A kobold demonologist (D)
  A troll (D)
  A blink frog (D)
  A slime creature (D)
  A wyvern (D)
  A basilisk (D)
  An orc warrior (D)
  An ogre (D)
  2 centaurs (D)
  A howler monkey (D)
  An iguana (D)
  An adder (D)
  An ufetubus (D)
  A dart slug (D)
  A bat (D)
  A hobgoblin (D)
  A quokka (D)
  A quokka skeleton (D)
  A rat (D)
22 creatures vanquished.

Vanquished Creatures (collateral kills)
  A hydra (D)
  A cane toad (D)
  A bullfrog (D)
3 creatures vanquished.

Vanquished Creatures (others)
  An orc wizard (D)
1 creature vanquished.

Grand Total: 26 creatures vanquished

Notes
Turn   | Place    | Note
-------+----------+-------------------------------------------
     0 | D        | emperorscorpion the Djinni Air Elementalist began the quest
                  | for the Orb.
     0 | D        | Reached XP level 1. HP: 15/15 MP: 0/0
     6 | D        | Reached skill level 3 in Spellcasting
     8 | D        | Reached XP level 2. HP: 11/21 MP: 0/0
   169 | D        | Noticed an ogre
   177 | D        | Killed an ogre
   178 | D        | Reached skill level 6 in Spellcasting
   178 | D        | Reached XP level 3. HP: 12/25 MP: 0/0
   178 | D        | Learned a level 1 spell: Sting
   178 | D        | Reached XP level 4. HP: 16/31 MP: 0/0
   179 | D        | Reached XP level 5. HP: 18/35 MP: 0/0
   179 | D        | Learned a level 2 spell: Poisonous Vapours
   391 | D        | Reached skill level 7 in Spellcasting
   527 | D        | Found a snail-covered altar of Cheibriados.
   527 | D        | Found a shadowy altar of Dithmenos.
   527 | D        | Found a white marble altar of Elyvilon.
   527 | D        | Found a blossoming altar of Fedhas.
   527 | D        | Found an opulent altar of Gozag.
   528 | D        | Found a hazy altar of Hepliaklqana.
   529 | D        | Found a viscous altar of Jiyva.
   531 | D        | Found a corrupted altar of Lugonu.
   532 | D        | Found a burning altar of Makhleb.
   533 | D        | Found a sparkling altar of Nemelex Xobeh.
   534 | D        | Found an iron altar of Okawaru.
   535 | D        | Found a stormy altar of Qazlal.
   536 | D        | Found a sacrificial altar of Ru.
   538 | D        | Found a bloodstained altar of Trog.
   539 | D        | Found a hide-covered altar of Uskayaw.
   540 | D        | Became a worshipper of Makhleb the Destroyer
   542 | D        | Found an ornate altar of the Wu Jian Council.
   543 | D        | Found a shimmering altar of Xom.
   544 | D        | Found a basalt altar of Yredelemnul.
   545 | D        | Found a glowing silver altar of Zin.
   546 | D        | Found a glowing golden altar of the Shining One.
   588 | D        | Noticed a troll
   588 | D        | Noticed an orc warrior
   588 | D        | Noticed a centaur
   588 | D        | Noticed a wyvern
   611 | D        | Killed a troll
   612 | D        | Reached skill level 5 in Dodging
   612 | D        | Reached skill level 8 in Spellcasting
   612 | D        | Reached skill level 1 in Evocations
   612 | D        | Reached XP level 6. HP: 37/40 MP: 0/0
   614 | D        | Killed an orc warrior
   615 | D        | Reached skill level 9 in Spellcasting
   615 | D        | Reached XP level 7. HP: 42/45 MP: 0/0
   615 | D        | Learned a level 2 spell: Searing Ray
   616 | D        | Reached * piety under Makhleb
   644 | D        | Killed a wyvern
   645 | D        | Reached skill level 5 in Armour
   645 | D        | Reached skill level 10 in Spellcasting
   645 | D        | Reached skill level 5 in Invocations
   645 | D        | Reached XP level 8. HP: 10/51 MP: 0/0
   927 | D        | Noticed a kobold demonologist
   927 | D        | Noticed a slime creature
   927 | D        | Noticed a basilisk
   927 | D        | Noticed a manticore
   931 | D        | Noticed a rust devil
   933 | D        | Reached ** piety under Makhleb
   938 | D        | Killed a kobold demonologist
   938 | D        | Killed a basilisk
   939 | D        | Reached skill level 1 in Fighting
   939 | D        | HP: 1/52 [something (6)]
  1252 | D        | Killed an unseen horror
  1253 | D        | Reached skill level 11 in Spellcasting
  1253 | D        | Reached XP level 9. HP: 44/57 MP: 0/0
  1253 | D        | Learned a level 3 spell: Summon Guardian Golem
  1292 | D        | Killed a slime creature
  1294 | D        | Killed a manticore
  1294 | D        | Reached *** piety under Makhleb
  1686 | D        | Noticed a cane toad
  1686 | D        | Noticed a black mamba
  1686 | D        | Noticed a blink frog
  1690 | D        | Killed a cane toad
  1691 | D        | Reached skill level 12 in Spellcasting
  1697 | D        | Noticed an eight-headed hydra
  1701 | D        | Killed a blink frog
  1722 | D        | Killed an eight-headed hydra
  1723 | D        | Reached XP level 10. HP: 10/67 MP: 0/0
  1727 | D        | Slain by a black mamba

Illustrated notes

Levels and vault maps discovered:
D:        linesprint [early_d, line_temple, items_1, d_10, items_2, lair_1,
          lair_end, items_3, orc_1, orc_end, items_4, d_15, swamp_1, shoals_1,
          snake_1, spider_1, d_20, vaults_1, items_5, swamp_end, shoals_end,
          snake_end, spider_end, vaults_end, d_27, items_6, zot_1, zot_end,
          crypt_end, forest_end, elf_end, slime_end, tomb_end, abyss_end,
          pan_hell_end]

Skill      XL: |  1  2  3  4  5  6  7  8  9 |
---------------+----------------------------+-----
Spellcasting   | 3 6 8 9 10 11 12 | 12.7
Dodging        | 4 5 6 7 8 |  8.2
Stealth        | 2 3 |  3.2
Armour         | 3 4 5 6 8 |  8.6
Invocations    | 3 4 5 6 8 |  8.8
Evocations     | 1 2 3 4 |  4.8
Fighting       | 1 3 |  3.1
Unarmed Combat | |  0.2

Action                   |  1- 3 |  4- 6 |  7- 9 | 10-12 || total
-------------------------+-------+-------+-------+-------++-------
Melee: Unarmed           |     5 |     1 |       |       ||     6
       Rapier            |       |       |     4 |       ||     4
 Cast: Shock             |     8 |     6 |    16 |       ||    30
       Poisonous Vapours |       |     2 |     2 |       ||     4
       Swiftness         |       |     1 |     2 |       ||     3
       Searing Ray       |       |       |     5 |     1 ||     6
       Static Discharge  |       |       |     4 |       ||     4
       Airstrike         |       |       |     2 |       ||     2
Invok: Lesser Servant of |       |       |     7 |       ||     7
       Minor Destruction |       |       |     3 |       ||     3
Evoke: Wand              |       |     6 |     4 |       ||    10
  Use: Potion            |     1 |       |     3 |       ||     4
       Scroll            |       |       |     1 |       ||     1
Armor: Robe              |       |       |     1 |       ||     1
Dodge: Dodged            |     4 |     3 |    21 |     1 ||    29

Table legend: (Time is in decaauts)
 A = Elapsed time spent in this place.
 B = Non-inter-level travel time spent in this place.
 C = Inter-level travel time spent in this place.
 D = Time resting spent in this place.
 E = Time spent auto-exploring this place.
 F = Levels seen in this place.
 G = Mean time per level.
                   A        B        C        D        E       F      G
               +--------+--------+--------+--------+--------+-----+--------+
         Total |   1721 |   1721 |      0 |   1017 |    374 |   1 | 1721.0 |
       Dungeon |   1721 |   1721 |      0 |   1017 |    374 |   1 | 1721.0 |
               +--------+--------+--------+--------+--------+-----+--------+

Top non-repeatable levels by time:
       D: 1721 daAuts
